 Dungeon Crawl Stone Soup version 0.25-a0-701-gb30f108 (webtiles) character file.

Game seed: 13439211221211466611, levelgen mode: deterministic

228 BeowulfAlex the Digger (level 6, -1/36 HPs)
             Began as a Gargoyle Earth Elementalist on Apr 4, 2020.
             Slain by an iguana (6 damage)
             ... on level 4 of the Dungeon.
             The game lasted 00:09:51 (3043 turns).

BeowulfAlex the Digger (GrEE)                       Turns: 3043, Time: 00:09:52

Health: -1/36      AC:  8    Str: 13    XL:     6   Next: 2%
Magic:  9/10       EV: 12    Int: 16    God:
Gold:   200        SH:  0    Dex: 10    Spells: 5/11 levels left

rFire    . . .     SeeInvis +   B - +1 dagger (speed)
rCold    . . .     Gourm    .   (no shield)
rNeg     + . .     Faith    .   c - +0 robe
rPois    ∞         Spirit   .   n - +0 helmet
rElec    +         Reflect  .   (no cloak)
rCorr    .         Harm     .   (no gloves)
MR       .....                  A - +0 pair of boots
Stlth    ++........             (no amulet)
HPRegen  0.12/turn              w - ring of see invisible
MPRegen  0.12/turn              (no ring)

@: no status effects
A: negative energy resistance 1, electricity resistance, unbreathing,
petrification resistance, rot immunity, AC +4
a: no special abilities


You were on level 4 of the Dungeon.
You were not hungry.

You visited 1 branch of the dungeon, and saw 4 of its levels.

You collected 200 gold pieces.

Inventory:

Hand Weapons
 o - a +0 whip
 B - a +1 dagger of speed (weapon)
Missiles
 b - 164 stones (quivered)
 i - 11 boomerangs
 v - 3 boomerangs of dispersal
Armour
 c - a +0 robe (worn)
 n - a +0 helmet (worn)
 A - a +0 pair of boots (worn)
Jewellery
 l - an uncursed ring of fire
 w - a ring of see invisible (left hand)
Scrolls
 h - 7 scrolls of identify {unknown}
 k - a scroll of immolation {unknown}
 m - 3 scrolls of remove curse {unknown}
 p - a scroll of enchant weapon {unknown}
 s - a scroll of enchant armour {unknown}
 t - a scroll of teleportation {unknown}
 y - a scroll of amnesia {unknown}
 z - a scroll of fog {unknown}
Potions
 a - a potion of berserk rage {unknown}
 e - a potion of lignification {unknown}
 g - a potion of heal wounds {unknown}
 j - a potion of resistance {unknown}
 q - a potion of flight {unknown}
 r - a potion of brilliance {unknown}
 u - a potion of haste {unknown}
 x - a potion of magic {unknown}
Comestibles
 d - 7 rations
 f - 5 chunks of flesh


   Skills:
 + Level 2.6 Fighting
 - Level 1.0 Maces & Flails
 - Level 1.5 Dodging
 - Level 2.1 Stealth
 + Level 3.2 Spellcasting
   Level 0.7 Transmutations
 * Level 6.0 Earth Magic


You had 5 spell levels left.
You knew the following spells:

 Your Spells              Type           Power        Failure   Level  Hunger
a - Sandblast             Erth           ###...       1%          1    None
b - Lee's Rapid Deconstr  Erth           ###.......   41%         5    ######.

Your spell library contained the following spells:

 Spells                   Type           Power        Failure   Level  Hunger
 Passwall                 Tmut/Erth      ##......     7%          2    ##.....
 Stone Arrow              Conj/Erth      ##....       16%         3    ###....
 Petrify                  Tmut/Erth      ##......     41%         4    ####...


Dungeon Overview and Level Annotations

Branches:
Dungeon (4/15)
 Temple: D:4-7

Altars:
Cheibriados
Fedhas
Makhleb
Qazlal
Trog

Annotations:
D:4 Sigmund


Innate Abilities, Weirdness & Mutations

You are resistant to torment.
Your stone body is resilient. (AC +4)
You are immune to poison.
You resist negative energy. (rN+)
You are resistant to electric shocks. (rElec)
You can survive without breathing.
You are immune to petrification.
You are immune to rotting.


Message History

The iguana is severely wounded.
The iguana closely misses you.
You hit the iguana.
The iguana is almost dead.
The iguana closely misses you.
You barely miss the iguana.
The iguana is almost dead.
You barely miss the iguana.
The iguana is almost dead.
The iguana bites you but does no damage.
You hit the iguana.
The iguana is almost dead.
The iguana bites you.
* * * LOW HITPOINT WARNING * * *
You closely miss the iguana.
The iguana is almost dead.
You barely miss the iguana.
The iguana is almost dead.
The iguana bites you.
You die...

#### ...# #..# #..# #
#..# #.#. #..#
#.#(###..## #.........#
.###.###.#@#
.........#l###
#####....##...###
.........#..⌠...###
###....##........####
#..#...#.##.............
#...(....##........⌠.##.
#.#.##.##.....#.....#
#.#..##.⌠........##


You could see an iguana.

Vanquished Creatures
  A crimson imp (D:3)
  An orc wizard (D:2)
  8 adders
  An ooze (D:1)
  2 dart slugs
  4 leopard geckos
  5 orcs
  18 bats
  6 giant cockroaches
  5 goblins
  6 hobgoblins
  9 kobolds
  A quokka (D:3)
  2 ball pythons
  3 frilled lizards
  A jackal skeleton (D:4)
  8 rats
81 creatures vanquished.

Notes
Turn   | Place    | Note
-------+----------+-------------------------------------------
     0 | D:1      | BeowulfAlex the Gargoyle Earth Elementalist began the quest
                  | for the Orb.
     0 | D:1      | Reached XP level 1. HP: 10/10 MP: 3/3
   221 | D:1      | Reached XP level 2. HP: 15/16 MP: 5/5
   223 | D:1      | Reached skill level 4 in Earth Magic
   268 | D:1      | Reached skill level 1 in Fighting
   436 | D:1      | Reached XP level 3. HP: 6/20 MP: 2/6
  1180 | D:2      | Reached XP level 4. HP: 23/25 MP: 7/7
  1494 | D:2      | Found a stormy altar of Qazlal.
  1496 | D:2      | Noticed a water elemental
  1497 | D:2      | Noticed an earth elemental
  1497 | D:2      | Noticed a fire elemental
  1497 | D:2      | Noticed an air elemental
  1504 | D:2      | Reached skill level 5 in Earth Magic
  1814 | D:2      | Reached XP level 5. HP: 30/30 MP: 2/9
  1973 | D:3      | Found a burning altar of Makhleb.
  2249 | D:3      | Found a blossoming altar of Fedhas.
  2606 | D:3      | Reached skill level 1 in Maces & Flails
  2819 | D:3      | Found a snail-covered altar of Cheibriados.
  2820 | D:3      | Found a bloodstained altar of Trog.
  2879 | D:3      | Learned a level 5 spell: Lee's Rapid Deconstruction
  2905 | D:4      | Noticed Sigmund
  2923 | D:3      | Reached XP level 6. HP: 29/36 MP: 10/10
  2980 | D:4      | Reached skill level 6 in Earth Magic
  3043 | D:4      | Slain by an iguana

Levels and vault maps discovered:
D:1:      wander_arrival_estate, layout_basic
D:2:      layout_rooms, nicolae_qazlal_style_of_elements
D:3:      layout_basic, makhleb_grotto_becter, gammafunk_temple_overflow_wave,
          fedhas_ov_isle_minmay
D:4:      minmay_skewed_foursquare, layout_basic, lemuel_blue_sif_altar,
          uniq_edmund, uniq_natasha, uniq_sigmund, uniq_blork_the_orc

Skill      XL: |  1  2  3  4  5  6 |
---------------+-------------------+-----
Earth Magic    | 4 5 6 |  6.0
Fighting       | 1 2 |  2.6
Spellcasting   | 3 |  3.2
Maces & Flails | 1 |  1.0
Dodging        | |  1.5
Stealth        | |  2.1
Transmutations | |  0.7

Action                   |  1- 3 |  4- 6 || total
-------------------------+-------+-------++-------
Melee: Short sword       |    79 |       ||    79
       Unarmed           |     2 |       ||     2
       Whip              |    26 |   263 ||   289
       Dagger            |       |    44 ||    44
 Cast: Sandblast         |    19 |    21 ||    40
 Stab: Sleeping          |     2 |     5 ||     7
  Eat: Chunk             |     1 |     7 ||     8
Armor: Robe              |    46 |   131 ||   177
Dodge: Dodged            |    88 |   217 ||   305

Table legend:
 A = Non-vault XP
 B = Vault XP
 C = Vault XP percentage of total XP
 D = Non-vault monster count
 E = Vault monster count
 F = Vault count percentage of total count
                 A         B        C        D         E       F
            +---------+---------+-------+---------+---------+-------
      Total |     276 |      50 |  15.3 |      80 |       1 |   1.2
            +---------+---------+-------+---------+---------+-------
        D:1 |      44 |       0 |   0.0 |      21 |       0 |   0.0
        D:2 |     136 |       0 |   0.0 |      33 |       0 |   0.0
        D:3 |      90 |      50 |  35.7 |      23 |       1 |   4.2
        D:4 |       6 |       0 |   0.0 |       3 |       0 |   0.0
            +---------+---------+-------+---------+---------+-------
